 Dungeon Crawl Stone Soup version 0.30-a0-591-g3c58d2bc28 (webtiles) character file.

Game seed: 15012336359614766715

9594 flotson the Trooper (level 11, -2/75 HPs)
             Began as a Demonspawn Delver on Jan 4, 2023.
             Was a Believer of Hepliaklqana.
             Slain by a hell hound (6 damage)
             ... in a volcano.
             The game lasted 00:14:21 (9536 turns).

flotson the Trooper (Demonspawn Delver)             Turns: 9536, Time: 00:14:22

Health: -2/75      AC: 13    Str: 18    XL:     11   Next: 25%
Magic:  0/25       EV: 12    Int:  9    God:    Hepliaklqana [**....]
Gold:   670        SH:  0    Dex: 14    Spells: 10/10 levels left

rFire   . . .      SeeInvis .    a - +0 broad axe
rCold   + . .      Faith    .    (no shield)
rNeg    + + +      Spirit   +    N - +1 chain mail "Yhajos Werchi" {rElec rN+++ MP+9 Int-2}
rPois   .          Reflect  .    i - +0 helmet
rElec   +          Harm     .    (no cloak)
rCorr   .          Rampage  .    x - +0 pair of gloves
Will    .....                    (no boots) Stlth
                                 H - amulet of guardian spirit
HPRegen 0.32/turn                o - +4 ring of slaying
MPRegen 0.19/turn                G - ring of protection from cold

@: hasted, very quick
A: reduced essence, hooves 2, repulsion field 2, spiny 3
a: Renounce Religion, Recall Ancestor, Ancestor Identity


You were in a volcano.
You worshipped Hepliaklqana.
Hepliaklqana was pleased with you.
You visited 3 branches of the dungeon, and saw 12 of its levels.
You also visited: Volcano.

You collected 703 gold pieces.
You spent 33 gold pieces at shops.

Inventory:

Hand Weapons
 a - a +0 broad axe (weapon)
 b - a +0 longbow
Missiles
 s - 62 poisoned darts
 E - 4 silver boomerangs
 L - 2 curare-tipped darts
Armour
 i - a +0 helmet (worn)
 x - a +0 pair of gloves (worn)
 N - the +1 chain mail "Yhajos Werchi" (worn) {rElec rN+++ MP+9 Int-2}
   (You found it on level 8 of the Dungeon)

   Int:       It affects your intelligence (-2).
   rElec:     It insulates you from electricity.
   rN:        It renders you almost immune to negative energy.
   MP:        It affects your magic capacity (+9).
Jewellery
 o - a +4 ring of slaying (left hand)
 G - a ring of protection from cold (right hand)
 H - an amulet of guardian spirit (around neck)
Wands
 v - a wand of acid (10)
 y - a wand of mindburst (6)
 C - a wand of flame (7)
 M - a wand of roots (11)
Scrolls
 c - a scroll of fog
 d - 3 scrolls of magic mapping
 e - 4 scrolls of fear
 h - 3 scrolls of enchant weapon {unknown}
 j - 2 scrolls of amnesia {unknown}
 k - 4 scrolls of noise {unknown}
 m - 2 scrolls of immolation {unknown}
 q - 3 scrolls of vulnerability {unknown}
 r - 7 scrolls of identify {unknown}
 t - a scroll of poison {unknown}
 B - 4 scrolls of teleportation {unknown}
 F - a scroll of butterflies {unknown}
 I - a scroll of torment {unknown}
 K - 2 scrolls of silence {unknown}
 Q - 2 scrolls of enchant armour {unknown}
 R - a scroll of acquirement {unknown}
Potions
 f - a potion of ambrosia
 l - 3 potions of might
 n - 7 potions of lignification {unknown}
 p - 2 potions of degeneration {unknown}
 u - 4 potions of flight {unknown}
 w - a potion of cancellation {unknown}
 z - 4 potions of curing
 A - 2 potions of brilliance {unknown}
 J - 2 potions of invisibility {unknown}
 O - a potion of heal wounds {unknown}
 P - a potion of mutation {unknown}


   Skills:
 + Level 7.5 Fighting
 + Level 6.5 Axes
 + Level 5.8 Throwing
 + Level 6.0 Armour
 + Level 6.5 Dodging
 - Level 5.0 Stealth
 + Level 7.5 Invocations
 + Level 6.7 Evocations


You had 10 spell levels left.
You didn't know any spells.
Your spell library contained the following spells:

 Spells                   Type           Power      Damage    Failure   Level
 Apportation              Tloc           0%         N/A       99%         1
 Freeze                   Ice            0%         1d3       99%         1
 Ensorcelled Hibernation  Hex/Ice        0%         N/A       100%        2
 Passwall                 Tmut/Erth      0%         N/A       100%        2
 Scorch                   Fire           0%         2d5       100%        2
 Dazzling Flash           Conj/Hex       0%         N/A       100%        3
 Frozen Ramparts          Ice            0%         1d1       100%        3
 Hailstorm                Conj/Ice       0%         3d3       100%        3
 Swiftness                Air            0%         N/A       100%        3
 Flame Wave               Conj/Fire      0%         2d4       100%        4
 Ice Form                 Ice/Tmut       0%         N/A       100%        4
 Agony                    Necr           0%         N/A       100%        5
 Alistair's Intoxication  Tmut/Pois      0%         N/A       100%        5
 Silence                  Hex/Air        0%         N/A       100%        5
 Simulacrum               Ice/Necr       0%         N/A       100%        6
 Summon Cactus Giant      Summ           0%         N/A       100%        6


Dungeon Overview and Level Annotations

Branches:
Dungeon (10/15)            Temple (1/1) D:6            Lair (1/5) D:9
Volcano (1/1)
    Orc: D:9-12

Altars:
Ashenzari
Cheibriados
Dithmenos
Fedhas
Gozag
Hepliaklqana
Makhleb
Nemelex Xobeh
Okawaru
Qazlal
Ru
Sif Muna
Trog
Uskayaw
Vehumet
Wu Jian
Xom
Yredelemnul

Shops:
D:8 =![(

Annotations:
D:8 2 transporters, soul19's ghost, novice GrFi


Innate Abilities, Weirdness & Mutations

Your life essence is reduced to manifest your ancestor. (-10% HP)
You have hoof-like feet.
You are surrounded by a moderate repulsion field. (EV +3)
You are completely covered in sharp spines.


Message History

Aiming: Dig
Press: ? - help, Shift-Dir - straight line A rock wall.
The rock shatters into small pieces.
The now-empty wand crumbles to dust.
The water moccasin closely misses Hrothgar.
Hrothgar hits the water moccasin with a +0 quarterstaff!
The water moccasin dies!
There is a dark tunnel here.
The world spins around you as you enter the gateway.
You enter a volcano!
Found a rocky tunnel leading out of this place.
There is a rock-blocked tunnel here.
You swap places.
There is a rocky tunnel leading out of this place here.
You open the door.
There is an open door here.
Ancestor HP restored.
The air gets thick with the scent of sulphur.
In the distance, the volcano erupts with a roar.
You are engulfed in blazing flames.
Hrothgar is engulfed in blazing flames.
You open the door.
A two-headed ogre, a centaur, a hell hog and a hell hound come into view.
The two-headed ogre is wielding a +0 great mace of flaming and a +2 great mace of flaming.
The centaur is wielding a +2 shortbow of flaming.
You are engulfed in blazing flames.
The two-headed ogre shouts in stereo!
The centaur shouts!
The hell hog squeals angrily.
The hell hound barks!
Hrothgar is engulfed in blazing flames.
The two-headed ogre hits Hrothgar with a +0 great mace of flaming!!
The two-headed ogre burns Hrothgar.
Hrothgar is destroyed!
Found a longbow of flaming.
You feel yourself speed up.
You are engulfed in blazing flames.
The two-headed ogre hits you with a +0 great mace of flaming!!
The two-headed ogre burns you!
The two-headed ogre hits you with a +2 great mace of flaming!!
* * * LOW HITPOINT WARNING * * *
The two-headed ogre burns you!
* * * LOW HITPOINT WARNING * * *
The hell hound bites you!
You die...

§#§≈≈≈≈#≈≈§#≈#≈#≈≈≈#≈#°#
#≈§§#§≈§≈≈°≈○°°°≈≈°§°≈○○
§≈§§≈≈≈§≈≈°≈○≈≈≈≈≈°§§°≈§
≈≈≈§§§≈≈§°≈≈§§§°°≈≈°§≈§≈
≈≈≈≈§≈≈≈≈°°≈§≈≈≈≈§°°§≈≈§
≈≈§≈≈≈§≈≈≈.§°≈°°≈○≈§≈≈.≈
≈§≈.§.≈≈≈≈≈°○°°°°°≈§≈..§
#........°°.○°○...§..§
###...#####.○○##@##○°°##
.##..## ##.##Ohh# ##
#.#..# #.#..c..# #.#..#
#.#.....# #'#..##
#.##...##
##....##+##...#####
##....^^^....
≈≈~~.~.~~~~.~~
≈≈≈~.~~≈.~.~≈≈≈


You could see a hell hog, a two-headed ogre, a hell hound and a centaur.

Vanquished Creatures
  A two-headed ogre (D:9)
  2 kobold demonologists (D:9)
  Psyche (D:8)
  Prince Ribbit (D:9)
  A hornet (D:8)
  A shadow (D:10)
  2 steam dragons
  14 yaks
  A water moccasin (D:9)
  2 orc warriors
  An ice beast (D:6)
  4 black bears
  A phantom (D:7)
  2 centaurs
  6 kobold brigands
  Blork the orc (D:4)
  7 bullfrogs
  A gnoll sergeant (D:9)
  4 scorpions
  16 wights
  3 killer bees (D:9)
  2 howler monkeys (D:10)
  3 orc priests
  A gnoll bouda (D:6)
  2 hounds
  Jessica (D:3)
  5 orc wizards
  3 iguanas
  Terence (D:3)
  Robin (D:2)
  11 gnolls
  8 adders
  2 shadow imps
  3 ufetubi
  3 worms
  3 dart slugs
  26 orcs
  5 ball pythons
  11 endoplasms
  3 giant cockroaches
  19 goblins
  8 hobgoblins
  8 quokkas
  6 bats
  5 frilled lizards
  31 kobolds
  A rat (D:1)
244 creatures vanquished.

Vanquished Creatures (collateral kills)
  Maurice (D:8)
  A kobold demonologist (D:9)
  A yak (D:9)
  A steam dragon (D:8)
  A water moccasin (Lair:1)
  A black bear (D:9)
  A kobold brigand (D:8)
  A wight (D:10)
  A howler monkey (D:10)
  An orc priest (D:10)
  An orc wizard (D:10)
  A gnoll (D:9)
  6 orcs
  2 kobolds (D:10)
20 creatures vanquished.

Vanquished Creatures (others)
  A battlemage (Volcano)
  33 fungi (D:9)
  39 plants (D:9)
73 creatures vanquished.

Grand Total: 337 creatures vanquished

Notes
Turn   | Place    | Note
-------+----------+-------------------------------------------
     0 | D:5      | flotson the Demonspawn Delver began the quest for the Orb.
     0 | D:5      | Reached XP level 1. HP: 18/18 MP: 1/1
   190 | D:3      | Found a basalt altar of Yredelemnul.
   191 | D:3      | Noticed Jessica
   218 | D:3      | Killed Jessica
   219 | D:3      | Gained mutation: You are surrounded by a mild repulsion
                  | field. (EV +2) [demonic ancestry]
   219 | D:3      | Reached XP level 2. HP: 22/24 MP: 2/2
   219 | D:3      | Gained mutation: You are partially covered in sharp spines.
                  | [demonic ancestry]
   219 | D:3      | Reached XP level 3. HP: 27/29 MP: 3/3
   335 | D:3      | Reached skill level 1 in Evocations
   363 | D:3      | Reached skill level 1 in Armour
   546 | D:2      | Noticed Robin
   547 | D:2      | Gained mutation: You have large cloven feet. [demonic
                  | ancestry]
   547 | D:2      | Reached XP level 4. HP: 31/35 MP: 4/4
   554 | D:2      | Killed Robin
  1487 | D:2      | Found a faded altar of an unknown god.
  1542 | D:2      | Reached skill level 5 in Stealth
  1586 | D:2      | Reached XP level 5. HP: 41/41 MP: 5/5
  1979 | D:3      | Noticed Terence
  1983 | D:3      | Killed Terence
  2432 | D:4      | Noticed Blork the orc
  2434 | D:4      | Reached skill level 1 in Throwing
  2441 | D:4      | Killed Blork the orc
  2442 | D:4      | Gained mutation: You have hoof-like feet. [demonic
                  | ancestry]
  2442 | D:4      | Reached XP level 6. HP: 34/48 MP: 6/6
  2964 | D:4      | Found an ornate altar of the Wu Jian Council.
  3273 | D:5      | Gained mutation: You are mostly covered in sharp spines.
                  | [demonic ancestry]
  3273 | D:5      | Reached XP level 7. HP: 54/54 MP: 7/7
  3885 | D:6      | Found a staircase to the Ecumenical Temple.
  4798 | Temple   | Entered the Ecumenical Temple
  4947 | Temple   | Became a worshipper of Hepliaklqana the Forgotten
  5465 | D:6      | Reached skill level 1 in Invocations
  5465 | D:6      | Gained mutation: You are completely covered in sharp
                  | spines. [demonic ancestry]
  5465 | D:6      | Reached XP level 8. HP: 19/61 MP: 8/8
  5653 | D:7      | Reached skill level 5 in Fighting
  6095 | D:7      | Reached XP level 9. HP: 32/68 MP: 11/11
  6732 | D:8      | Found Norridenn's Weapon Shoppe.
  6778 | D:8      | Reached skill level 5 in Axes
  6803 | D:7      | Reached skill level 5 in Dodging
  6803 | D:7      | Reached skill level 5 in Evocations
  6958 | D:7      | Reached skill level 5 in Invocations
  7093 | D:8      | Found Tuneo's Armour Shop.
  7102 | D:8      | Gained mutation: You are surrounded by a moderate repulsion
                  | field. (EV +3) [demonic ancestry]
  7102 | D:8      | Reached XP level 10. HP: 72/77 MP: 12/14
  7126 | D:8      | Noticed Psyche
  7131 | D:8      | Reached * piety under Hepliaklqana
  7136 | D:8      | Killed Psyche
  7200 | D:8      | Noticed Maurice
  7207 | D:8      | Killed Maurice
  7208 | D:8      | Reached skill level 5 in Armour
  7217 | D:8      | Paralysed by a hornet for 1 turns
  7295 | D:8      | Found Zaonun's Distillery.
  7304 | D:8      | Bought a potion of curing for 33 gold pieces
  7327 | D:8      | Found Riuthuvo's Jewellery Shoppe.
  7413 | D:8      | Reached skill level 5 in Throwing
  7446 | D:8      | Noticed soul19's ghost (novice GrFi)
  7462 | D:8      | Found a transporter.
  7467 | D:8      | Found a transporter.
  7563 | D:8      | Identified the +1 chain mail "Yhajos Werchi" {rElec rN+++
                  | MP+9 Int-2}
  7826 | D:9      | Noticed a two-headed ogre
  7833 | D:9      | Killed a two-headed ogre
  7848 | D:9      | Found a staircase to the Lair.
  8022 | D:9      | Noticed a smoke demon
  8024 | D:9      | Reached XP level 11. HP: 22/75 MP: 9/16
  8473 | D:9      | Found a blossoming altar of Fedhas.
  8479 | D:9      | Found a sacrificial altar of Ru.
  8482 | D:9      | Found a shimmering blue altar of Sif Muna.
  8484 | D:9      | Found an iron altar of Okawaru.
  8491 | D:9      | Found a stormy altar of Qazlal.
  8498 | D:9      | Noticed Prince Ribbit
  8506 | D:9      | Killed Prince Ribbit
  8753 | D:10     | Entered Level 10 of the Dungeon
  8909 | D:10     | Reached ** piety under Hepliaklqana
  8910 | D:10     | Remembered your ancestor Hrothgar as a battlemage
  9467 | Lair:1   | Entered Level 1 of the Lair of Beasts
  9492 | Lair:1   | Found a dark tunnel.
  9503 | Volcano  | Entered a volcano
  9534 | Volcano  | Noticed a two-headed ogre
  9534 | Volcano  | Noticed a hell hog
  9536 | Volcano  | Slain by a hell hound

Illustrated notes

Levels and vault maps discovered:
D:1:      dpeg_chamrin_arrival_tetris, layout_basic
D:2:      layout_basic, ebering_ecumenical_altar_sacrificial, uniq_robin
D:3:      layout_rooms, mainiacjoe_overflow_small_starburst, st_stairs_14,
          minmay_misc_feat_columns, uniq_jessica, uniq_terence
D:4:      layout_loops_ring, nzn_wu_jian_contemplation, uniq_blork_the_orc
D:5:      layout_loops_corners, nicolae_kite_square_tiling_tiny,
          kennysheep_cluttered_room, dreamdust_wishing_well
D:6:      layout_basic, minmay_temple_entry_purple_smoke,
          kennysheep_small_square
D:7:      layout_basic
D:8:      layout_rooms, serial_shops, shop, nicolae_shop_bloodbath_and_beyond,
          nicolae_shop_advertising_works [nicolae_subvault_shop_adworks], shop,
          gammafunk_ghost_hive, uniq_psyche, uniq_maurice
D:9:      layout_cave_pools, nicolae_overflow_hallway_of_the_gods,
          nicolae_overflow_hidden_temple, due_lair_maze_entry_diamond,
          statue_in_the_mist_lemuel, uniq_prince_ribbit1
D:10:     layout_basic
Temple:   compressed_dpeg_triangle_lava_temple
Lair:1:   layout_loops_ring, lightli_volcano_entry_magma_tube,
          nicolae_lair_lindhole
Volcano:  volcano_village

Skill      XL: |  1  2  3  4  5  6  7  8  9 10 11 |
---------------+----------------------------------+-----
Axes           | 2 3 4 5 6 |  6.5
Dodging        | 2 3 4 5 6 |  6.5
Evocations     | 1 2 3 4 5 6 |  6.7
Armour         | 1 2 3 4 5 6 |  6.0
Stealth        | 5 |  5.0
Throwing       | 1 2 3 4 5 |  5.8
Fighting       | 4 5 6 7 |  7.5
Invocations    | 1 3 5 7 |  7.5

Action                   |  1- 3 |  4- 6 |  7- 9 | 10-12 || total
-------------------------+-------+-------+-------+-------++-------
Melee: Hand axe          |    11 |       |       |       ||    11
       Broad axe         |       |       |    33 |   112 ||   145
       Kick              |       |       |    14 |    33 ||    47
 Fire: Longbow           |    44 |   130 |   155 |       ||   329
Invok: Recall Ancestor   |       |       |       |     1 ||     1
       Ancestor Life: Ba |       |       |       |     1 ||     1
Evoke: Wand              |       |       |     5 |     3 ||     8
  Use: Potion            |       |       |     1 |     2 ||     3
       Scroll            |       |       |       |     1 ||     1
 Stab: Sleeping          |     1 |       |     1 |     2 ||     4
       Distracted        |       |       |       |     1 ||     1
Armor: Leather armour    |     5 |       |       |       ||     5
       Robe              |     5 |     6 |       |       ||    11
       Chain mail        |       |    16 |    33 |    65 ||   114
       Steam dragon scal |       |       |    25 |     6 ||    31
Dodge: Dodged            |    15 |    38 |   115 |   113 ||   281

Table legend: (Time is in decaauts)
 A = Elapsed time spent in this place.
 B = Non-inter-level travel time spent in this place.
 C = Inter-level travel time spent in this place.
 D = Time resting spent in this place.
 E = Time spent auto-exploring this place.
 F = Levels seen in this place.
 G = Mean time per level.
                   A        B        C        D        E       F      G
               +--------+--------+--------+--------+--------+-----+--------+
         Total |   9865 |   9546 |    319 |    811 |   7124 |  13 |  758.8 |
       Dungeon |   9631 |   9328 |    303 |    811 |   6963 |  10 |  963.1 |
        Temple |    165 |    149 |     16 |      0 |    132 |   1 |  165.0 |
          Lair |     35 |     35 |      0 |      0 |      0 |   1 |   35.0 |
       Volcano |     32 |     32 |      0 |      0 |     29 |   1 |   32.0 |
               +--------+--------+--------+--------+--------+-----+--------+

Top non-repeatable levels by time:
     D:7: 1410 daAuts
     D:6: 1299 daAuts
     D:5: 1223 daAuts
     D:8: 1172 daAuts
     D:1: 864 daAuts
     D:3: 771 daAuts
     D:4: 754 daAuts
     D:2: 727 daAuts
     D:9: 707 daAuts
    D:10: 699 daAuts
  Temple: 165 daAuts
  Lair:1: 35 daAuts
 Volcano: 32 daAuts
